Map: 大气2000-天梯版

Players

iGMacSed (MacSed)

  • Race: Protoss Protoss
  • League: Master

iGCoffeeMs (Coffee) - Winner!

  • Race: Terran Terran

Event: DreamHack SC2 Masters 2021 Winter

VOD

Have the link to the VOD?

Description

Time

  • Played on: Oct. 7, 2021, 9:40 a.m.
  • Length: 7:54

All games in this series

Show
View Real Time Build Order
Export as new Build Order

iGMacSed Protoss 

Build Orders: 1 Gate Expand 

Get SALT Encoding   

  12  0:00  Probe  
  13  0:12  Probe  
  14  0:17  Pylon  
  14  0:24  Probe (Chrono Boost)  
  16  0:37  Gateway, Probe (Chrono Boost)  
  16  0:43  Probe (Chrono Boost)  
  16  0:47  Assimilator  
  17  0:51  Probe  
  18  1:03  Probe  
  19  1:15  Probe  
  20  1:26  Cybernetics Core  
  20  1:32  Nexus  
  20  1:40  Pylon  
  20  1:41  Probe  
  21  1:49  Assimilator  
  21  1:54  Probe  
  22  1:59  Adept (Chrono Boost)  
  22  2:02  Warp Gate  
  22  2:06  Probe  
  25  2:18  Probe (Chrono Boost)  
  25  2:22  Adept  
  29  2:30  Probe (Chrono Boost)  
  29  2:31  Robotics Facility  
  29  2:36  Probe (Chrono Boost)  
  30  2:44  Probe (Chrono Boost)  
  30  2:49  Probe (Chrono Boost)  
  32  2:52  Adept  
  32  2:55  Probe (Chrono Boost)  
  36  2:58  Probe (Chrono Boost)  
  36  3:00  Gateway, Probe (Chrono Boost)  
  37  3:07  Gateway  
  37  3:09  Probe  
  38  3:13  Probe  
  38  3:18  Observer (Chrono Boost)  
  40  3:22  Probe  
  40  3:23  Pylon  
  40  3:25  Probe  
  42  3:32  Warp Prism (Chrono Boost)  
  42  3:34  Probe  
  45  3:38  Probe  
  46  3:45  Pylon  
  46  3:46  Probe  
  47  3:50  Probe  
  48  3:55  Stalker x2  
  48  3:58  Probe  
  48  4:00  Observer (Chrono Boost)  
  54  4:03  Probe  
  54  4:06  Pylon  
  54  4:09  Assimilator  
  55  4:10  Probe  
  55  4:12  Stalker, Assimilator  
  59  4:18  Immortal (Chrono Boost)  
  62  4:26  Sentry  
  62  4:27  Shield Battery  
  62  4:29  Sentry  
  62  4:30  Probe  
  67  4:32  Probe  
  68  4:39  Pylon  
  68  4:40  Zealot  
  70  4:53  Pylon  
  70  4:57  Immortal (Chrono Boost), Probe  
  70  4:58  Sentry  
  73  5:17  Robotics Bay  
  73  5:18  Probe, Forge  
  73  5:19  Observer  
  68  5:22  Gateway  
  68  5:29  Zealot  
  68  5:30  Zealot, Twilight Council  
  68  5:35  Observer (Chrono Boost)  
  73  5:44  Nexus  
  73  5:47  Pylon  
  73  6:00  Colossus (Chrono Boost)  
  79  6:11  Zealot x2  
  79  6:16  Shield Battery  
  83  6:23  Gateway  
  82  6:27  Gateway  
  82  6:29  Probe  
  82  6:30  Gateway  
  83  6:37  Probe  
  84  6:40  Pylon  
  89  6:48  Stalker  
  89  6:51  Stalker  
  93  6:56  Zealot  
  95  7:02  Colossus (Chrono Boost)  
  85  7:09  Probe  
  85  7:13  Probe x2  
  83  7:18  Pylon  
  83  7:19  Zealot x3  
  82  7:25  Probe  
  82  7:28  Stalker x2  
  76  7:39  Stalker  
  76  7:40  Stalker  
Show
View Real Time Build Order
Export as new Build Order

iGCoffeeMs Terran - Winner!

Build Orders:  

Get SALT Encoding   

  12  0:00  SCV  
  13  0:12  SCV  
  14  0:16  Supply Depot  
  14  0:24  SCV  
  15  0:38  SCV  
  15  0:40  Barracks  
  16  0:42  Refinery  
  16  0:50  SCV  
  17  1:02  SCV  
  18  1:14  SCV  
  19  1:27  Marine, Orbital Command  
  20  1:43  Command Center  
  20  1:47  Barracks Reactor  
  20  1:53  SCV  
  21  1:58  Supply Depot  
  21  2:05  SCV  
  21  2:08  Barracks  
  22  2:18  SCV, Barracks  
  23  2:24  Marine x2  
  25  2:30  SCV  
  26  2:37  Bunker  
  26  2:42  Marine x2  
  26  2:43  SCV  
  29  2:55  Orbital Command  
  29  2:57  Barracks Tech Lab, Refinery  
  29  2:58  SCV  
  29  3:02  Marine x2  
  32  3:06  Barracks Tech Lab  
  32  3:10  SCV  
  33  3:17  Stimpack, Marine  
  34  3:20  SCV  
  34  3:22  Marine x2  
  34  3:25  Marine  
  38  3:27  SCV  
  38  3:32  Supply Depot  
  38  3:33  SCV  
  40  3:35  Marine  
  40  3:36  Combat Shield  
  40  3:39  SCV  
  42  3:43  Marine x2  
  42  3:46  SCV  
  45  3:52  SCV  
  45  3:54  Marauder x2  
  50  3:55  Supply Depot  
  50  3:59  SCV  
  50  4:01  Marine x2  
  53  4:04  Engineering Bay  
  53  4:11  Supply Depot, SCV  
  53  4:17  Factory, SCV  
  54  4:21  Marine x3  
  54  4:22  Marine  
  59  4:25  SCV  
  59  4:30  SCV  
  59  4:31  Terran Infantry Weapons Level 1  
  61  4:41  Marine x4  
  64  4:49  SCV  
  64  4:53  SCV  
  64  4:59  Refinery  
  65  5:01  SCV  
  65  5:02  Starport, Factory Reactor  
  64  5:08  Marauder  
  60  5:17  SCV x2  
  60  5:20  Marauder, Marine x2  
  60  5:21  Concussive Shells  
  65  5:26  Supply Depot  
  65  5:28  Supply Depot  
  65  5:29  SCV x2  
  65  5:30  Marauder  
  69  5:38  Marine  
  70  5:42  Supply Depot  
  70  5:46  Marine  
  70  5:48  Medivac x2, SCV x2  
  70  5:49  Supply Depot  
  76  5:52  Factory Reactor  
  76  5:55  Marauder  
  76  5:56  Marauder  
  80  6:00  SCV x2  
  80  6:04  Refinery  
  82  6:06  Marine x2  
  80  6:12  SCV  
  80  6:14  SCV  
  84  6:18  Marauder  
  84  6:19  Marauder  
  84  6:24  SCV, Marine x2  
  89  6:26  SCV  
  89  6:28  Medivac x2  
  89  6:32  Supply Depot  
  94  6:34  Supply Depot  
  94  6:35  Widow Mine x2  
  94  6:36  SCV  
  99  6:42  Marine x2  
  101  6:52  Marauder  
  104  6:54  Marauder  
  104  6:58  Command Center  
  101  7:13  Marauder  
  101  7:14  Marine x2  
  103  7:15  Marauder  
  103  7:18  Widow Mine x2  
  103  7:19  Barracks  
  103  7:20  Barracks  

Tags
 
Add a new tag
Caveats
  • Supply blocks, unpowered buildings, or Contaminate may cause inaccurate times.
  • Supply counts are checked every 10 seconds.